Map: [ESL] Waterfall

Players

MeomaikA - Winner!

  • Race: Zerg Zerg
  • Spawn Location: 7:00

TeebuL

  • Race: Protoss Protoss
  • Spawn Location: 1:00

Event: DreamHack SC2 Masters 2022 Atlanta (Online)

VOD

Have the link to the VOD?

Description

Time

  • Played on: Sept. 30, 2022, 5:01 a.m.
  • Length: 10:15

All games in this series

Show
View Real Time Build Order
Export as new Build Order

MeomaikA Zerg - Winner!

Build Orders: Pool First 

Get SALT Encoding   

  12  0:00  Drone  
  13  0:12  Overlord  
  13  0:17  Drone  
  14  0:30  Drone  
  15  0:36  Spawning Pool  
  15  0:40  Drone  
  15  0:44  Drone  
  15  0:48  Drone  
  17  1:04  Drone  
  18  1:23  Zergling x4  
  20  1:26  Hatchery  
  20  1:27  Zergling x2  
  20  1:30  Queen  
  22  1:33  Extractor  
  21  1:40  Drone  
  22  1:49  Overlord  
  22  2:06  Queen  
  22  2:07  Drone  
  25  2:12  Drone  
  26  2:24  Drone  
  27  2:32  Drone  
  27  2:33  Metabolic Boost  
  28  2:38  Queen  
  28  2:40  Drone  
  28  2:42  Queen  
  28  2:43  Drone  
  34  2:48  Spore Crawler  
  34  2:51  Drone  
  34  2:54  Drone  
  35  2:59  Spore Crawler  
  35  3:01  Drone  
  35  3:05  Drone  
  36  3:12  Overlord  
  36  3:17  Overlord  
  36  3:32  Hatchery  
  36  3:33  Drone  
  36  3:36  Drone  
  36  3:39  Drone  
  39  3:41  Drone  
  39  3:44  Drone  
  39  3:47  Drone  
  41  3:50  Drone  
  41  3:51  Drone  
  41  3:53  Drone  
  44  3:56  Drone  
  44  3:58  Drone  
  46  4:05  Lair  
  46  4:09  Extractor  
  45  4:10  Drone x2  
  45  4:11  Drone  
  45  4:14  Drone  
  49  4:20  Drone x2  
  49  4:21  Drone  
  49  4:22  Overlord  
  52  4:28  Overlord  
  52  4:40  Zergling x2  
  52  4:41  Zergling x8  
  52  4:43  Zergling x2  
  52  4:44  Roach Warren  
  57  4:51  Drone x2  
  59  4:55  Drone x4  
  59  4:56  Drone  
  59  4:58  Drone  
  65  5:00  Drone  
  65  5:07  Drone, Spire  
  65  5:09  Overlord  
  65  5:12  Overlord  
  65  5:13  Overlord  
  66  5:17  Overlord  
  66  5:20  Overlord  
  65  5:23  Overlord  
  65  5:27  Overlord  
  64  5:32  Drone x4  
  64  5:34  Extractor  
  64  5:35  Drone x4  
  70  5:54  Glial Reconstitution  
  70  5:55  Roach x4  
  70  5:56  Roach  
  81  5:57  Drone x4  
  81  6:01  Roach  
  81  6:02  Roach x3  
  90  6:20  Zerg Flyer Weapons Level 1  
  90  6:22  Spore Crawler, Spine Crawler  
  88  6:27  Zergling x2  
  88  6:28  Zergling x22  
  100  6:33  Extractor  
  100  6:34  Roach  
  100  6:37  Roach  
  100  6:39  Roach  
  105  6:41  Roach  
  105  6:42  Roach x2  
  105  6:44  Roach  
  113  6:52  Overlord  
  113  6:53  Overlord  
  113  7:00  Hatchery  
  112  7:03  Roach, Overlord  
  114  7:10  Evolution Chamber  
  114  7:14  Corruptor x3  
  114  7:15  Corruptor  
  119  7:18  Roach x3  
  119  7:19  Roach  
  119  7:22  Roach  
  131  7:24  Roach  
  131  7:25  Roach  
  131  7:28  Roach  
  131  7:29  Roach  
  137  7:32  Roach  
  137  7:40  Overlord x2  
  137  7:48  Zerg Missile Weapons Level 1  
  136  7:54  Overlord  
  136  8:00  Roach x8  
  136  8:03  Zergling x2  
  153  8:12  Zergling x2  
  154  8:13  Zergling x2  
  154  8:14  Zergling x2  
  154  8:16  Zergling x8  
  154  8:17  Zergling x4, Roach  
  154  8:18  Roach x2  
  167  8:22  Corruptor  
  167  8:23  Overlord  
  168  8:31  Overlord  
  168  8:32  Overlord  
  168  8:41  Queen  
  165  8:56  Zergling x32  
  165  8:58  Zergling x2  
  165  9:00  Drone  
  179  9:04  Overlord  
  179  9:06  Zergling x4  
  179  9:07  Zergling x2  
  179  9:08  Zergling x2  
  183  9:12  Zergling x4  
  183  9:17  Zergling x6  
  188  9:36  Extractor  
  188  9:37  Extractor  
  174  9:47  Zergling x2  
  174  9:52  Zergling x32  
Show
View Real Time Build Order
Export as new Build Order

TeebuL Protoss 

Build Orders: Oracle Opening 

Get SALT Encoding   

  12  0:00  Probe  
  13  0:12  Probe  
  14  0:19  Pylon  
  14  0:24  Probe (Chrono Boost)  
  15  0:37  Probe (Chrono Boost)  
  15  0:39  Gateway  
  16  0:46  Probe (Chrono Boost)  
  17  0:51  Probe  
  18  1:01  Assimilator  
  18  1:02  Pylon  
  18  1:03  Probe  
  19  1:11  Pylon  
  19  1:20  Probe  
  19  1:24  Zealot (Chrono Boost)  
  20  1:26  Cybernetics Core  
  22  1:32  Probe  
  23  1:45  Probe, Pylon  
  26  1:57  Probe  
  27  2:05  Stalker (Chrono Boost)  
  26  2:16  Shield Battery  
  26  2:17  Warp Gate  
  26  2:30  Nexus  
  26  2:33  Probe  
  27  2:41  Assimilator  
  27  2:45  Probe  
  27  2:47  Gateway  
  28  2:57  Probe  
  29  3:02  Adept  
  31  3:09  Probe  
  31  3:12  Stargate  
  32  3:21  Probe  
  33  3:34  Probe, Pylon  
  36  3:42  Probe  
  36  3:46  Probe  
  38  3:52  Oracle (Chrono Boost)  
  38  3:54  Probe  
  40  3:58  Probe (Chrono Boost)  
  43  4:10  Probe x2 (Chrono Boost)  
  43  4:12  Robotics Facility  
  43  4:18  Probe (Chrono Boost)  
  43  4:21  Probe (Chrono Boost)  
  43  4:24  Probe  
  43  4:25  Phoenix (Chrono Boost), Assimilator  
  43  4:26  Assimilator  
  43  4:29  Adept  
  43  4:30  Probe  
  49  4:34  Pylon  
  49  4:36  Probe  
  50  4:42  Probe  
  51  4:48  Probe  
  52  4:54  Probe  
  52  4:57  Warp Prism (Chrono Boost)  
  53  5:00  Probe  
  53  5:03  Robotics Bay  
  53  5:05  Pylon  
  53  5:06  Probe  
  57  5:12  Probe  
  58  5:23  Zealot x2  
  58  5:28  Gateway  
  58  5:29  Gateway  
  58  5:30  Gateway  
  58  5:36  Gateway  
  58  5:41  Gateway  
  58  5:48  Adept  
  58  5:49  Adept, Disruptor (Chrono Boost)  
  65  6:15  Disruptor (Chrono Boost)  
  65  6:17  Zealot x2  
  68  6:23  Extended Thermal Lance  
  66  6:26  Nexus, Zealot, Pylon  
  66  6:27  Zealot  
  66  6:31  Sentry x2  
  74  6:42  Sentry  
  74  6:44  Colossus  
  82  6:59  Sentry  
  82  7:00  Sentry  
  86  7:12  Pylon x3  
  86  7:24  Warp Prism (Chrono Boost)  
  86  7:29  Stalker x2  
  86  7:35  Disruptor (Chrono Boost)  
  77  7:38  Stalker x5  
  90  8:00  Nexus  
  90  8:03  Stalker x6  
  100  8:16  Observer  
  100  8:18  Pylon  
  101  8:30  Pylon  
  101  8:31  Pylon  
  101  8:33  Pylon  
  101  8:35  Pylon  
  101  8:36  Stalker  
  101  8:37  Stalker x2  
  101  8:40  Pylon  
  106  8:49  Disruptor (Chrono Boost)  
  106  8:55  Stalker x3  
  115  9:09  Stalker x2  
  119  9:10  Stalker  
  121  9:22  Stalker  
  121  9:23  Stalker  
  125  9:24  Sentry  
  89  10:01  Stalker x7  
Tags
 
Add a new tag
Caveats
  • Supply blocks, unpowered buildings, or Contaminate may cause inaccurate times.
  • Supply counts are checked every 10 seconds.